 Dungeon Crawl Stone Soup version 0.29-a0-370-gb5314be063 (webtiles) character file.

Game seed: 11906191242573968516

227 Lekart the Skirmisher (level 5, -15/46 HPs)
             Began as a Draconian Fighter on May 1, 2022.
             Was an Initiate of Yredelemnul.
             Demolished by a naga (17 damage)
             ... on level 4 of the Dungeon.
             The game lasted 00:05:21 (3319 turns).

Lekart the Skirmisher (Draconian Fighter)           Turns: 3319, Time: 00:05:21

Health: -15/46     AC: 10    Str: 19    XL:     5   Next: 70%
Magic:  5/5        EV:  9    Int:  8    God:    Yredelemnul [......]
Gold:   136        SH:  4    Dex: 12    Spells: 4/4 levels left

rFire   . . .      SeeInvis .   e - +0 short sword (flame)
rCold   + . .      Faith    .   b - +0 buckler
rNeg    . . .      Spirit   .   (body armour unavailable)
rPois   .          Reflect  .   (helmet restricted)
rElec   .          Harm     .   s - +0 cloak
rCorr   .          Rampage  .   (no gloves)
Will    .....                   (no boots)
Stlth   +.........              (no amulet)
HPRegen 0.15/turn               h - +4 ring of protection
MPRegen 0.09/turn               d - ring of protection from cold

@: mighty, constricted
A: AC +5, unfitting armour, cold-blooded
a: Renounce Religion, Recall Undead Harvest


You were on level 4 of the Dungeon.
You worshipped Yredelemnul.
Yredelemnul was noncommittal.
You visited 1 branch of the dungeon, and saw 4 of its levels.

You collected 136 gold pieces.

Inventory:

Hand Weapons
 a - a +0 war axe
 e - a +0 short sword of flaming (weapon)
Armour
 b - a +0 buckler (worn)
 s - a +0 cloak (worn)
Jewellery
 d - a ring of protection from cold (right hand)
 h - a +4 ring of protection (left hand)
 v - a ring of willpower
Scrolls
 i - a scroll of fog {unknown}
 k - 4 scrolls of teleportation
 m - a scroll of vulnerability
 o - 3 scrolls of identify
 p - a scroll of enchant armour {unknown}
 q - 5 scrolls of silence {unknown}
 t - 2 scrolls of torment {unknown}
 u - 2 scrolls of summoning {unknown}
Potions
 f - a potion of curing
 g - 2 potions of resistance {unknown}
 j - a potion of flight {unknown}
 l - a potion of brilliance {unknown}
 n - a potion of heal wounds {unknown}


   Skills:
 + Level 4.2 Fighting
 + Level 2.9 Short Blades
 + Level 2.3 Axes
 + Level 3.7 Dodging
 + Level 3.8 Shields
 * Level 0.9 Invocations


You had 4 spell levels left.
You didn't know any spells.
Your spell library contained the following spells:

 Spells                   Type           Power      Damage    Failure   Level
 Summon Small Mammal      Summ           0%         N/A       50%         1
 Blink                    Tloc           0%         N/A       63%         2
 Call Canine Familiar     Summ           0%         N/A       86%         3
 Lesser Beckoning         Tloc           0%         N/A       86%         3
 Summon Guardian Golem    Hex/Summ       0%         N/A       86%         3
 Manifold Assault         Tloc           0%         N/A       100%        5


Dungeon Overview and Level Annotations

Branches:
Dungeon (4/15)
 Temple: D:4-7

Altars:
Uskayaw
Yredelemnul


Innate Abilities, Weirdness & Mutations

Your plain brown scales are hard. (AC +5)
You cannot fit into any form of body armour.
You are cold-blooded and may be slowed by cold attacks.


Message History

Aim: an ogre, wielding a +0 giant club (ally target, will become a water moccasin, a wolf, or a naga, chance to affect: 49%)
The ogre evaporates and reforms as a naga!
Your kobold zombie barely misses the naga.
Aiming: Polymorph
Press: ? - help, Shift-Dir - straight line, f/p - naga
Aim: a naga (ally target, will become a water moccasin, a wyvern, or a sky beast, chance to affect: 31%)
The naga easily resists.
The now-empty wand crumbles to dust.
Your kobold zombie closely misses the naga.
No previous command to re-do.
Found a stone staircase leading down.
The naga spits poison at you. The splash of poison hits you.
You are poisoned.
You closely miss the naga.
You feel sick.
Your kobold zombie hits the naga but does no damage.
The naga hits you! The naga closely misses you.
You hit the naga but do no damage.
You feel sick.
Your kobold zombie barely misses the naga.
The naga hits you. The naga grabs you. The naga constricts you.
You are too injured to fight recklessly!
You are too injured to fight recklessly!
You are too injured to fight recklessly!
You hit the naga but do no damage.
You feel sick. The naga hits you!
* * * LOW HITPOINT WARNING * * *
The naga constricts you.
* * * LOW HITPOINT WARNING * * *
Your kobold zombie barely misses the naga.
You feel better. The naga hits you!
* * * LOW HITPOINT WARNING * * *
The naga constricts you.
* * * LOW HITPOINT WARNING * * *
You feel very mighty all of a sudden.
Your kobold zombie hits the naga but does no damage.
The naga hits you but does no damage. The naga constricts you.
You hit the naga. You burn the naga.
The naga is moderately wounded.
Your kobold zombie hits the naga but does no damage.
The naga hits you!
You die...
Your body rises from the dead as a mindless zombie.

##.............###..#
..............##....#
#.......#.....#...###
##.....###.##..>....###
#........##..........#
##.......)#....).......
....[.......##.......#.
#..............##......
#.....@.....#.# ....##
......N...#..### .....#
.....)Z...##..# ....#
...........##.# ##..#
.......##....... ..#
.#..... #........
....... .........
....... ..>...


You could see a naga (ally target) and a friendly kobold zombie.

Vanquished Creatures
  A scorpion (D:4)
  Crazy Yiuf (D:2)
  A scorpion zombie (D:3)
  A hound zombie (D:3)
  2 adders (D:2)
  6 dart slugs
  2 orcs (D:3)
  5 bats
  7 endoplasms
  4 giant cockroaches
  4 hobgoblins
  2 jackals (D:2)
  2 quokkas
  8 ball pythons
  6 frilled lizards
  5 goblins
  8 kobolds
  3 rats
68 creatures vanquished.

Vanquished Creatures (others)
  A spectral endoplasm (D:4)
1 creature vanquished.

Grand Total: 69 creatures vanquished

Notes
Turn   | Place    | Note
-------+----------+-------------------------------------------
     0 | D:1      | Lekart the Draconian Fighter began the quest for the Orb.
     0 | D:1      | Reached XP level 1. HP: 19/19 MP: 1/1
   380 | D:1      | Reached XP level 2. HP: 26/26 MP: 2/2
   889 | D:2      | Reached XP level 3. HP: 33/33 MP: 3/3
  1334 | D:2      | Reached skill level 1 in Short Blades
  1693 | D:2      | Reached XP level 4. HP: 40/40 MP: 4/4
  1702 | D:2      | Found a runed translucent door.
  1703 | D:2      | Noticed Crazy Yiuf
  2161 | D:2      | Killed Crazy Yiuf
  2289 | D:3      | Reached skill level 4 in Fighting
  2507 | D:3      | Found a hide-covered altar of Uskayaw.
  2910 | D:3      | Reached XP level 5. HP: 43/46 MP: 5/5
  2951 | D:3      | Found a basalt altar of Yredelemnul.
  2959 | D:3      | Became a worshipper of Yredelemnul the Dark
  3030 | D:4      | HP: 3/69 [frozen (1)]
  3032 | D:4      | HP: 1/69 [poisoned by a scorpion]
  3188 | D:4      | Noticed an ogre
  3311 | D:4      | Noticed a naga
  3311 | D:4      | an ogre changed into a naga
  3317 | D:4      | HP: 2/46 [constriction (2)]
  3319 | D:4      | Demolished by a naga

Illustrated notes

Levels and vault maps discovered:
D:1:      lightli_arrival_windingriver, layout_loops_ring, minmay_pentomino_p4
D:2:      layout_loops_ring, st_stairs_6, minivault_5, uniq_crazy_yiuf_cottage
D:3:      layout_loops_ring, lemuel_zombie_altar_yredelemnul,
          nicolae_uskayaw_dance_hall, st_stairs_3
D:4:      layout_cave_pools, amcnicky_altar_gilded,
          gammafunk_ghost_abyssal_escape

Skill      XL: |  1  2  3  4 |
---------------+-------------+-----
Dodging        | 3 |  3.7
Short Blades   | 1 2 |  2.9
Fighting       | 4 |  4.2
Axes           | |  2.3
Shields        | |  3.8
Invocations    | |  0.9

Action                   |  1- 3 |  4- 6 || total
-------------------------+-------+-------++-------
Melee: War axe           |     8 |       ||     8
       Short sword       |   106 |   131 ||   237
       Tailslap          |    11 |    15 ||    26
       Unarmed           |       |     2 ||     2
Evoke: Wand              |       |     4 ||     4
  Use: Scroll            |     7 |       ||     7
       Potion            |       |     7 ||     7
 Stab: Sleeping          |     1 |     1 ||     2
Armor: Skin              |    43 |    81 ||   124
Dodge: Dodged            |    67 |    85 ||   152
Block: Buckler           |    23 |    32 ||    55

Table legend: (Time is in decaauts)
 A = Elapsed time spent in this place.
 B = Non-inter-level travel time spent in this place.
 C = Inter-level travel time spent in this place.
 D = Time resting spent in this place.
 E = Time spent auto-exploring this place.
 F = Levels seen in this place.
 G = Mean time per level.
                   A        B        C        D        E       F      G
               +--------+--------+--------+--------+--------+-----+--------+
         Total |   3331 |   3182 |    149 |    396 |   2165 |   4 |  832.8 |
       Dungeon |   3331 |   3182 |    149 |    396 |   2165 |   4 |  832.8 |
               +--------+--------+--------+--------+--------+-----+--------+

Top non-repeatable levels by time:
     D:1: 1161 daAuts
     D:2: 1120 daAuts
     D:3: 726 daAuts
     D:4: 323 daAuts
